 Dungeon Crawl Stone Soup version 0.30.1-3-gfc49f6343a (webtiles) character file.

Game seed: 14527767918690856535

6822 Peloso the Cleaver (level 10, -2/90 HPs)
             Began as a Minotaur Fighter on July 27, 2023.
             Was a Believer of Okawaru.
             Slain by a shadow (24 damage)
             ... on level 9 of the Dungeon.
             The game lasted 00:15:22 (8558 turns).

Peloso the Cleaver (Minotaur Fighter)               Turns: 8558, Time: 00:15:23

Health: -2/90      AC: 21    Str: 24    XL:     10   Next: 77%
Magic:  9/9        EV:  8    Int:  8    God:    Okawaru [**....]
Gold:   1197       SH: 10    Dex: 11    Spells: 9/9 levels left

rFire   . . .        a - +9 war axe of Anummec {spect, rN+ Int+3}
rCold   . . .        d - +0 buckler
rNeg    + + .        o - +0 plate armour
rPois   .            (helmet restricted)
rElec   .            t - +0 cloak
rCorr   +            (no gloves)
SInv    .            z - +3 pair of seven-league boots {Rampage+∞}
Will    .....        q - amulet of reflection Stlth
                     D - ring of resist corrosion
HPRegen 0.35/turn    C - ring of positive energy
MPRegen 0.11/turn

%: reflection, rampage+∞
@: no status effects
A: horns 2, retaliatory headbutt
a: Renounce Religion, Heroism


You were on level 9 of the Dungeon.
You worshipped Okawaru.
Okawaru was pleased with you.
You visited 2 branches of the dungeon, and saw 11 of its levels.
You also visited: Sewer and Bailey.

You collected 1197 gold pieces.

Inventory:

Hand Weapons
 a - the +9 war axe of Anummec (weapon) {spect, rN+ Int+3}
   (You found it in a bailey)

   Int:       It affects your intelligence (+3).
   rN:        It protects you from negative energy.
 b - the +5 hand axe "Demonslayer" {drain, rElec rC+}
   (You found it on level 2 of the Dungeon)

   rC:        It protects you from cold.
   rElec:     It insulates you from electricity.
 c - a +1 hand axe of flaming
Armour
 d - a +0 buckler (worn)
 l - a +0 pair of boots
 o - a +0 plate armour (worn)
 t - a +0 cloak (worn)
 y - a +0 chain mail
 z - the +3 pair of seven-league boots (worn) {Rampage+∞}
   (You found it in a bailey)

   Rampage+∞: When moving toward enemies, its wearer moves as far as possible,
   alerting their target en route.
 I - a +2 pair of boots
Jewellery
 q - an amulet of reflection (around neck)
 C - a ring of positive energy (right hand)
 D - a ring of resist corrosion (left hand)
Wands
 p - a wand of flame (29)
Scrolls
 e - 3 scrolls of fog
 h - 2 scrolls of fear
 k - a scroll of teleportation
 m - 4 scrolls of noise
 n - a scroll of butterflies
 r - a scroll of blinking
 s - 6 scrolls of enchant weapon
 v - a scroll of silence {unknown}
 B - 2 scrolls of acquirement
 E - 2 scrolls of immolation {unknown}
 F - a scroll of enchant armour
 G - a scroll of poison {unknown}
Potions
 f - 2 potions of berserk rage
 g - a potion of magic
 i - 3 potions of might
 j - 4 potions of mutation
 u - 2 potions of heal wounds {unknown}
 w - 2 potions of degeneration {unknown}
 x - a potion of flight {unknown}
 A - a potion of lignification {unknown}
 H - 2 potions of attraction {unknown}


   Skills:
 + Level 8.7 Fighting
 + Level 4.0 Long Blades
 + Level 11.6 Axes
 + Level 11.0 Armour
 + Level 3.9 Dodging
 + Level 1.4 Stealth
 + Level 7.7 Shields
 + Level 0.4 Invocations
 + Level 0.3 Evocations


You had 9 spell levels left.
You didn't know any spells.
Your spell library contained the following spells:

 Spells                   Type           Power      Damage    Failure   Level
 Beastly Appendage        Tmut           0%         N/A       99%         1
 Cigotuvi's Dreadful Rot  Necr/Pois/Air  0%         N/A       100%        2
 Poisonous Vapours        Pois/Air       0%         N/A       100%        2
 Wereblood                Tmut           0%         N/A       100%        2
 Ignite Poison            Fire/Tmut/Pois 0%         N/A       100%        3
 Mephitic Cloud           Conj/Pois/Air  0%         N/A       100%        3
 Ozocubu's Armour         Ice            0%         N/A       100%        3
 Spider Form              Tmut/Pois      0%         N/A       100%        3
 Freezing Cloud           Conj/Ice/Air   0%         6-21      100%        5
 Ozocubu's Refrigeration  Ice            0%         4d7       100%        7


Dungeon Overview and Level Annotations

Branches:
Dungeon (10/15)            Temple (1/1) D:7             Orc (0/2) D:9
  Sewer (visited)          Bailey (visited)
   Lair: D:8-11

Altars:
Elyvilon
Fedhas
Gozag
Hepliaklqana
Nemelex Xobeh
Okawaru
Qazlal
Xom
Yredelemnul

Shops:
D:5 =   D:8 [


Innate Abilities, Weirdness & Mutations

You have a pair of horns on your head.
You reflexively headbutt those who attack you in melee.


Message History

Your +9 war axe of Anummec {spect, rN+ Int+3} hits the troll zombie!!
You destroy the troll zombie!
Okawaru accepts your kill.
Your +9 war axe of Anummec {spect, rN+ Int+3} hits something.
Your +9 war axe of Anummec {spect, rN+ Int+3} barely misses the shadow.
Your +9 war axe of Anummec {spect, rN+ Int+3} hits the ogre zombie!
The shadow slips into darkness.
The shadow flickers and vanishes!
Deactivating autopickup; reactivate with Ctrl-A.
Your Armour skill increases to level 11!
You swap places.
A hobgoblin zombie, an orc priest, 3 orc zombies and 3 ogre zombies come into view.
Found a scroll of identify.
Found a staircase to the Orcish Mines.
Your +9 war axe of Anummec {spect, rN+ Int+3} disappears.
The orc priest shouts!
The ogre zombie hits you.
The shadow strikes at you from the darkness!
Reactivating autopickup.
The orc priest calls down the wrath of Beogh upon you.
Beogh smites you!
* * * LOW HITPOINT WARNING * * *
You see here a yak corpse.
Unknown command.
Unknown command.
The orc priest attacks as you move away!
The orc priest hits you but does no damage.
The shadow slips into darkness.
The shadow flickers and vanishes!
Deactivating autopickup; reactivate with Ctrl-A.
The orc priest attacks as you move away!
The orc priest hits you but does no damage.
The orc priest calls down the wrath of Beogh upon you.
Beogh smites you!
* * * LOW HITPOINT WARNING * * *
There is an open door here.
You open the door.
There is an open door here.
There is an open door here.
The shadow strikes at you from the darkness!
You die...

~,,,* #Z# #.###.....#####..#
~,,,***#.# ####...'.....'....>..
,,,,,,,#.####....###.....########
,,,,,,,#.o..'Z...'.......#
,,,,,,,######....###.#####
,,,,,,,* ######...# ,,,,,,,*
###'##### ,,,,,,,*
#######.......# ,,,,,,,*
#......@......### ♣ ********
#.........[...'.♣♣ ♣♣♣
#####.........)()[...♣♣ ♣♣..
#...+....<.....).....[♣♣♣...
#.##.............≈~≈...♣...≈
#......8........≈≈~≈≈.....≈≈
#...8.....8.....~~♣~~.....~~
#...............≈≈~≈≈....)≈≈
##...........#...≈~≈...♣...≈


There were no monsters in sight!

Vanquished Creatures
  An orc high priest (Bailey)
  Pikel (D:7)
  An orc knight (Bailey)
  A kobold demonologist (Bailey)
  A hornet (D:8)
  Grinder (D:5)
  A shadow (D:9)
  A vampire (D:9)
  3 yaks (D:9)
  Menkaure (D:7)
  Edmund (D:5)
  4 water moccasins
  7 orc warriors
  A sky beast (D:7)
  2 black bears
  4 ice beasts
  2 ogres (D:5)
  A lemure (D:7)
  2 kobold brigands
  Blork the orc (D:5)
  4 bullfrogs
  2 scorpions (D:4)
  A troll zombie (D:9)
  5 killer bees (D:7)
  3 electric eels (Bailey)
  A howler monkey (D:8)
  2 hounds
  3 jellies
  6 orc priests
  An iguana (D:6)
  A sleepcap (D:5)
  Crazy Yiuf (D:3)
  7 orc wizards
  7 gnolls
  9 adders
  A shadow imp (D:5)
  A white imp (D:7)
  An ufetubus (D:6)
  2 worms
  3 dart slugs
  29 orcs
  11 ball pythons
  8 endoplasms
  4 giant cockroaches
  14 hobgoblins
  3 quokkas
  5 bats
  A frilled lizard (D:1)
  17 goblins
  A goblin skeleton (D:9)
  2 hobgoblin zombies (D:9)
  11 kobolds
  An orc zombie (D:9)
  3 rats
208 creatures vanquished.

Vanquished Creatures (others)
  2 spectral weapons (D:9)
2 creatures vanquished.

Grand Total: 210 creatures vanquished

Notes
Turn   | Place    | Note
-------+----------+-------------------------------------------
     0 | D:1      | Peloso the Minotaur Fighter began the quest for the Orb.
     0 | D:1      | Reached XP level 1. HP: 19/19 MP: 0/0
   390 | D:1      | Reached XP level 2. HP: 20/27 MP: 1/1
   700 | D:1      | Found a faded altar of an unknown god.
  1077 | D:2      | Reached XP level 3. HP: 33/33 MP: 2/2
  1519 | D:2      | Identified the +5 hand axe "Demonslayer" {drain, rElec rC+}
  1559 | D:2      | Reached XP level 4. HP: 36/41 MP: 3/3
  1984 | D:3      | Found a runed translucent door.
  1985 | D:3      | Noticed Crazy Yiuf
  2403 | D:3      | Found a shimmering altar of Xom.
  2846 | D:3      | Killed Crazy Yiuf
  2914 | D:4      | Noticed a scorpion
  2918 | D:4      | Killed a scorpion
  2919 | D:4      | Reached skill level 1 in Axes
  2919 | D:4      | Reached skill level 5 in Armour
  2919 | D:4      | Reached XP level 5. HP: 44/47 MP: 4/4
  3027 | D:4      | Found a glowing drain.
  3032 | Sewer    | Entered a sewer
  3061 | Sewer    | Noticed a water moccasin
  3067 | Sewer    | Killed a water moccasin
  3068 | Sewer    | Reached skill level 5 in Fighting
  3068 | Sewer    | Reached XP level 6. HP: 46/56 MP: 5/5
  3267 | D:4      | Reached skill level 1 in Dodging
  3421 | D:4      | Reached XP level 7. HP: 54/61 MP: 6/6
  3884 | D:5      | Entered Level 5 of the Dungeon
  3922 | D:5      | Found a blossoming altar of Fedhas.
  3995 | D:5      | Found a hazy altar of Hepliaklqana.
  4003 | D:5      | Reached skill level 5 in Axes
  4146 | D:5      | Found Ruesefuda's Jewellery Emporium.
  4151 | D:5      | Noticed Blork the orc
  4157 | D:5      | Killed Blork the orc
  4318 | D:5      | Reached skill level 1 in Stealth
  4538 | D:5      | Noticed Grinder
  4539 | D:5      | Paralysed by Grinder for 5 turns
  4550 | D:5      | Killed Grinder
  4551 | D:5      | Reached XP level 8. HP: 70/70 MP: 7/7
  4898 | D:5      | Noticed Edmund
  4904 | D:5      | Killed Edmund
  4943 | D:5      | Reached skill level 5 in Shields
  5692 | D:6      | Reached XP level 9. HP: 78/78 MP: 8/8
  5978 | D:7      | Noticed Pikel
  5993 | D:7      | Killed Pikel
  6010 | D:7      | Found a staircase to the Ecumenical Temple.
  6017 | D:7      | Noticed Menkaure
  6025 | Temple   | Entered the Ecumenical Temple
  6031 | Temple   | Became a worshipper of Warmaster Okawaru
  6223 | D:7      | Killed Menkaure
  6275 | D:7      | Found a sparkling altar of Nemelex Xobeh.
  6461 | D:7      | Found a stormy altar of Qazlal.
  6629 | D:7      | Reached skill level 10 in Axes
  6633 | D:7      | Reached * piety under Okawaru
  6859 | D:8      | Found Segho Ucy's Armour Shop.
  6967 | D:8      | Paralysed by a hornet for 2 turns
  7130 | D:8      | Reached XP level 10. HP: 64/86 MP: 9/9
  7237 | D:8      | You fall into a shaft and drop 2 floors!
  7237 | D:10     | Entered Level 10 of the Dungeon
  7287 | D:9      | Found a flagged portal.
  7301 | D:9      | Reached ** piety under Okawaru
  7327 | Bailey   | Entered a bailey
  7514 | Bailey   | Reached skill level 10 in Armour
  7538 | Bailey   | Noticed an orc knight
  7560 | Bailey   | Killed an orc knight
  7687 | Bailey   | Acquired 753 gold pieces
  7765 | Bailey   | Found an iron altar of Okawaru.
  7765 | Bailey   | Noticed an orc high priest
  7774 | Bailey   | Noticed a rust devil
  7790 | Bailey   | Noticed a sixfirhy
  8110 | Bailey   | Noticed an orange demon
  8116 | Bailey   | Noticed a sun demon
  8117 | Bailey   | Killed an orc high priest
  8157 | Bailey   | Found the +3 pair of seven-league boots {Rampage+∞}
  8186 | Bailey   | Identified the +9 war axe of Anummec {spect, rN+ Int+3}
  8392 | D:9      | Found a white marble altar of Elyvilon.
  8532 | D:9      | Found a staircase to the Orcish Mines.
  8558 | D:9      | Slain by a shadow

Illustrated notes

Levels and vault maps discovered:
D:1:      kennysheep_arrival_seaside, layout_basic,
          hellmonk_ecumenical_altar_lost_god
D:2:      layout_basic
D:3:      layout_basic, xom_butterflies, uniq_crazy_yiuf_cottage
D:4:      layout_loops_ring, gup_sewer_entry_bowl
D:5:      layout_basic, mainiacjoe_overflow_six_doors_small,
          nicolae_hepliaklqana_hazy_memory, minmay_shop_enchanted_jewellery,
          uniq_edmund, uniq_grinder, uniq_blork_the_orc
D:6:      layout_loops_cross, minmay_misc_feat_x, dreamdust_wishing_well,
          grunt_tough_drop
D:7:      layout_basic, nicolae_qazlal_scattered_showers,
          nemelex_xobeh_ov_fountains_minmay, minmay_temple_entry_slanted,
          minmay_liquid_box, uniq_menkaure, uniq_pikel
D:8:      layout_loops_ring, nicolae_stop_n_shop_1
D:9:      layout_basic, trog_book, elyvilon_altar_3, zombieorc2_lemuel,
          enter_bailey_6, uniq_harold
D:10:     layout_cave_pools, bloody_makhleb, due_lair_maze_entry_diamond,
          ebering_dispersal_statue_hall, minmay_misc_feat_plants,
          patterned_corridor, uniq_snorg
Temple:   compressed_dpeg_circular_temple

Skill      XL: |  1  2  3  4  5  6  7  8  9 10 |
---------------+-------------------------------+-----
Armour         | 4 5 6 7 8 9 11 | 11.0
Shields        | 4 5 6 7 |  7.7
Fighting       | 4 5 6 7 8 |  8.7
Long Blades    | 3 4 |  4.0
Axes           | 1 2 4 6 8 10 11 | 11.6
Dodging        | 1 2 3 |  3.9
Stealth        | 1 |  1.4
Invocations    | |  0.4
Evocations     | |  0.3

Action                     |  1- 3 |  4- 6 |  7- 9 | 10-12 || total
---------------------------+-------+-------+-------+-------++-------
  Melee: Long sword        |    59 |       |       |       ||    59
         Headbutt          |    12 |    12 |    31 |    24 ||    79
         Hand axe          |     5 |    72 |   230 |   125 ||   432
         War axe           |       |       |       |    13 ||    13
 Invoke: Heroism           |       |       |       |     3 ||     3
  Evoke: Wand              |       |       |       |     2 ||     2
    Use: Scroll            |     4 |       |     8 |     3 ||    15
 Armour: Scale mail        |    32 |    36 |    30 |       ||    98
         Chain mail        |       |       |    66 |     2 ||    68
         Plate armour      |       |       |       |    55 ||    55
  Dodge: Dodged            |    30 |    35 |    74 |    39 ||   178
  Block: Buckler           |    12 |    17 |    87 |    44 ||   160
         Reflection        |       |       |     4 |     1 ||     5
